 Dungeon Crawl Stone Soup version 0.31-a0-345-g1ebeae05c6 (webtiles) character file.

Game seed: 572239006865847823

2933 LeprechaunX the Ruffian (level 9, -5/60 HPs)
             Began as an Octopode Shapeshifter on July 23, 2023.
             Was an Initiate of Hepliaklqana.
             Killed by divine providence
             ... invoked by an orc priest
              (17 damage)
             ... on level 8 of the Dungeon.
             The game lasted 00:10:52 (6057 turns).

LeprechaunX the Ruffian (Octopode Shapeshifter)     Turns: 6057, Time: 00:10:53

Health: -5/60      AC:  9    Str: 21    XL:     9   Next: 80%
Magic:  13/13      EV: 17    Int: 16    God:    Hepliaklqana [......]
Gold:   389        SH:  0    Dex: 15    Spells: 10/13 levels left

rFire   . .          .
                       - Unarmed
rCold   . . .        (shield currently unavailable)
rNeg    . . .        (helmet currently unavailable)
rPois   .            (no amulet)
rElec   .            d - ring of resist corrosion
rCorr   +            o - +5 ring of evasion
SInv    .            B - +6 ring of intelligence
Will    +....        H - ring of flight
Stlth   +            L - ring of willpower
HPRegen 0.30/turn    (no ring)
MPRegen 0.13/turn    (no ring)
                     (no ring)

%: no passive effects
@: snake-form, flying
A: constrict, reduced hp, almost no armour, amphibious, 8 rings, large,
(camouflage 1), (gelatinous body 1), (nimble swimmer 1), (tentacles)
a: Begin Untransformation, Renounce Religion


You were on level 8 of the Dungeon.
You worshipped Hepliaklqana.
Hepliaklqana was noncommittal.
You were an enormous anaconda.
You visited 2 branches of the dungeon, and saw 9 of its levels.

You collected 389 gold pieces.

Inventory:

Hand Weapons
 x - a +0 club
Missiles
 E - 3 silver javelins (quivered)
Armour
 s - a +0 buckler
Jewellery
 d - a ring of resist corrosion (left tentacle)
 o - a +5 ring of evasion (right tentacle)
 u - an amulet of faith
 B - a +6 ring of intelligence (on tentacle)
 H - a ring of flight (on tentacle)
 L - a ring of willpower (on tentacle)
Talismans
 b - a beast talisman
 G - a serpent talisman
Wands
 j - a wand of charming (3)
 w - a wand of digging (3)
 A - a wand of iceblast (9)
 F - a wand of flame (8)
 J - a wand of quicksilver (10)
Scrolls
 c - a scroll of fog {unknown}
 k - 6 scrolls of identify {unknown}
 m - 2 scrolls of revelation {unknown}
 n - 5 scrolls of teleportation {unknown}
 q - 2 scrolls of amnesia {unknown}
 r - a scroll of torment {unknown}
 t - 3 scrolls of enchant weapon {unknown}
 v - a scroll of blinking {unknown}
 y - 2 scrolls of vulnerability {unknown}
 D - a scroll of noise {unknown}
Potions
 a - 2 potions of lignification
 e - a potion of heal wounds {unknown}
 f - 2 potions of curing {unknown}
 g - 3 potions of brilliance {unknown}
 h - a potion of degeneration {unknown}
 i - 3 potions of resistance {unknown}
 l - a potion of haste {unknown}
 p - a potion of enlightenment {unknown}
 z - a potion of ambrosia {unknown}
 C - a potion of attraction {unknown}
 I - 2 potions of invisibility {unknown}
 K - a potion of mutation {unknown}


   Skills:
 + Level 5.2 Fighting
 + Level 5.6 Dodging
 + Level 7.4 Unarmed Combat
 + Level 2.9 Spellcasting
 * Level 7.2 Shapeshifting


You had 10 spell levels left.
You knew the following spells:

 Your Spells              Type           Power      Damage    Failure   Level
a - Swiftness             Air            2%         N/A       50%         3

Your spell library contained the following spells:

 Spells                   Type           Power      Damage    Failure   Level
 Sting                    Tmut/Pois      8%         1d3       19%         1
 Ensorcelled Hibernation  Hex/Ice        4%         N/A       28%         2
 Passwall                 Tmut/Erth      1%         N/A       28%         2
 Poisonous Vapours        Pois/Air       4%         N/A       28%         2
 Hailstorm                Conj/Ice       2%         3d3       50%         3
 Mephitic Cloud           Conj/Pois/Air  2%         N/A       50%         3
 Olgreb's Toxic Radiance  Pois           2%         N/A       88%         4
 Summon Ice Beast         Ice/Summ       2%         N/A       88%         4
 Freezing Cloud           Conj/Ice/Air   1%         6-21      99%         5
 Simulacrum               Ice/Necr       1%         N/A       100%        6


Dungeon Overview and Level Annotations

Branches:
Dungeon (8/15)             Temple (1/1) D:6
   Lair: D:8-11

Altars:
Cheibriados
Dithmenos
Elyvilon
Fedhas
Gozag
Hepliaklqana
Kikubaaqudgha
Nemelex Xobeh
Okawaru
Sif Muna
Vehumet
Wu Jian
Yredelemnul
Zin
The Shining One

Shops:
D:1 =


Innate Abilities, Weirdness & Mutations

You are an enormous anaconda.
You have a powerful constriction melee attack.
Your maximum health is decreased, since you lack skill for your form.
Your armour is entirely melded.
You are incapable of wielding weapons or throwing items.
You cannot wear most types of armour.
You are amphibious.
You can wear up to eight rings at the same time.
((Your skin changes colour to match your surroundings (Stealth+).))
((Your rubbery body absorbs attacks. (AC +1, EV +1)))
((You are camouflaged when in or above water. (Stealth+)))
((You have tentacles for arms and can constrict up to eight enemies at once.))


Message History

The yak is moderately wounded.
The yak gores you but does no damage.
You tentacle-slap the yak. x2
The yak is heavily wounded.
The yak closely misses you.
You tentacle-slap the yak. You squeeze the yak!
You kill the yak!
L - a ring of willpower (on tentacle)
You begin transforming.
You continue transforming. x3
Your transformation has ended.
You turn into an enormous anaconda.
You are an enormous anaconda.
You are flying.
Your flying speed is average.
Your attack delay is about 0.8.
Your damage rating with unarmed combat is about 23 (Base [10 + 7 (UC)] x 127% (Str) x 108% (Fight)).
Your base attributes are Str 16, Int 10, Dex 15.
There is an open door here.
Things that are here:
a +0 robe; a +2 flail
Things that are here:
a +0 robe; a +0 long sword
There is a stone staircase leading down here.
You fly downwards.
You hear the roar of battle.
There is an entrance to a bailey on this level.
Hurry and find it before the portal closes forever!
You hear the faint creaking of a very distant portcullis.
The orc shouts! x2; The orc wizard shouts!
The orc priest shouts!
The orc wizard casts a spell at you. The puff of flame hits you!
The orc misses you.
The orc priest invokes the aid of Beogh against you.
Beogh smites you!
* * * LOW HITPOINT WARNING * * *
Found a stone staircase leading down.
There is a stone staircase leading up here.
The orc wizard gestures wildly while chanting.
The orc wizard flickers and vanishes!
Deactivating autopickup; reactivate with Ctrl-A.
The orc barely misses you.
The orc priest calls down the wrath of Beogh upon you.
Beogh smites you!
You die...

........
#....#.#
#......#
##......#
#..o....#
#..{.o..+
#.....o.###.#
.......S....#
#.o.....#####
#.>.....#
#########


You could see an orc warrior (wandering), an orc priest and 2 orcs.

Vanquished Creatures
  Sigmund (D:6)
  2 yaks (D:7)
  Menkaure (D:4)
  A water moccasin (D:7)
  2 black bears
  An ice beast (D:7)
  A centaur (D:5)
  An ogre (D:6)
  2 gnoll sergeants (D:5)
  3 scorpions
  5 wights (D:7)
  A howler monkey (D:4)
  3 jellies
  6 hounds
  A gnoll bouda (D:6)
  8 orc priests
  3 iguanas
  4 sleepcaps
  4 orc wizards
  A mummy (D:5)
  13 gnolls
  12 adders
  A shadow imp (D:7)
  A white imp (D:7)
  2 ufetubi
  5 dart slugs
  28 orcs
  5 bats
  A bat zombie (D:5)
  5 endoplasms
  2 giant cockroaches
  6 goblins
  9 hobgoblins
  7 jackals
  6 kobolds
  2 quokkas
  7 ball pythons
  5 frilled lizards
  5 rats
  2 rat zombies (D:5)
175 creatures vanquished.

Notes
Turn   | Place    | Note
-------+----------+-------------------------------------------
     0 | D:1      | LeprechaunX the Octopode Shapeshifter began the quest for
                  | the Orb.
     0 | D:1      | Reached XP level 1. HP: 13/13 MP: 1/1
    23 | D:1      | Reached XP level 2. HP: 18/18 MP: 2/2
   293 | D:1      | Reached XP level 3. HP: 19/23 MP: 3/3
   312 | D:1      | Found Holaec's Jewellery Shoppe.
   668 | D:2      | Reached XP level 4. HP: 15/29 MP: 4/4
  1239 | D:3      | Found a radiant altar of Vehumet.
  1259 | D:3      | Reached XP level 5. HP: 30/34 MP: 5/5
  1864 | D:3      | Reached XP level 6. HP: 40/40 MP: 6/6
  2274 | D:4      | Noticed Menkaure
  2402 | D:4      | Killed Menkaure
  2403 | D:4      | Reached skill level 5 in Unarmed Combat
  2403 | D:4      | Reached XP level 7. HP: 24/45 MP: 7/7
  2586 | D:5      | Entered Level 5 of the Dungeon
  2716 | D:5      | Reached skill level 5 in Shapeshifting
  2779 | D:5      | Found a snail-covered altar of Cheibriados.
  2841 | D:5      | Reached XP level 8. HP: 16/52 MP: 8/8
  3164 | D:5      | Found an iron altar of Okawaru.
  3548 | D:5      | Found an ancient bone altar of Kikubaaqudgha.
  3649 | D:6      | Noticed Sigmund
  3661 | D:6      | Learned a level 3 spell: Swiftness
  3887 | D:6      | Found a basalt altar of Yredelemnul.
  3906 | D:6      | Reached skill level 1 in Spellcasting
  4011 | D:6      | Killed Sigmund
  4012 | D:6      | Reached XP level 9. HP: 59/59 MP: 9/11
  4031 | D:6      | Found an opulent altar of Gozag.
  4127 | D:6      | Reached skill level 5 in Dodging
  4147 | D:6      | Found a staircase to the Ecumenical Temple.
  4208 | D:6      | Found a sparkling altar of Nemelex Xobeh.
  4298 | D:6      | Found an ornate altar of the Wu Jian Council.
  5181 | D:7      | Reached skill level 5 in Fighting
  5883 | Temple   | Entered the Ecumenical Temple
  5889 | Temple   | Became a worshipper of Hepliaklqana the Forgotten
  6057 | D:8      | Killed from afar by an orc priest

Illustrated notes

Levels and vault maps discovered:
D:1:      doesnt_arrival_eight_statues, layout_rooms, serial_shops, shop
D:2:      layout_rooms
D:3:      minmay_bubble_buster, layout_loops_ring, overflow_temple_1_default
D:4:      layout_cave_pools, st_stairs_5, uniq_menkaure
D:5:      layout_rooms, mainiacjoe_overflow_24_doors, slow_altar_1,
          lemuel_zombie_altar_kikubaaqudgha, kennysheep_generic_room_11
D:6:      layout_rooms, old_standard_altar, nzn_wu_jian_council_hall,
          nicolae_gozag_cash_rules_everything_around_me,
          mainiacjoe_overflow_alcove_2, minmay_temple_entry_statues_pillars,
          uniq_sigmund
D:7:      layout_basic
D:8:      layout_basic, nicolae_qazlal_beasts_of_the_sky, minitemple,
          enter_bailey_2, grunt_ministairs_1, uniq_amaemon, uniq_grum
Temple:   hellmonk_temple_two_chambers

Skill      XL: |  1  2  3  4  5  6  7  8  9 |
---------------+----------------------------+-----
Fighting       | 2 3 4 5 |  5.2
Unarmed Combat | 4 5 6 7 |  7.4
Shapeshifting  | 4 5 6 7 |  7.2
Dodging        | 3 4 5 |  5.6
Spellcasting   | 1 2 |  2.9

Action                     |  1- 3 |  4- 6 |  7- 9 || total
---------------------------+-------+-------+-------++-------
  Melee: Unarmed           |    56 |   107 |   174 ||   337
         Constrict         |    20 |    36 |    44 ||   100
         Tentacles         |    13 |    29 |    54 ||    96
         Punch             |     3 |     2 |     9 ||    14
  Throw: Javelin           |       |       |    24 ||    24
  Evoke: Wand              |       |       |     1 ||     1
   Stab: Sleeping          |       |     5 |     5 ||    10
 Armour: Skin              |     3 |     4 |     6 ||    13
  Dodge: Dodged            |    31 |    68 |   181 ||   280
   Form: Anaconda          |       |       |     1 ||     1

Table legend: (Time is in decaauts)
 A = Elapsed time spent in this place.
 B = Non-inter-level travel time spent in this place.
 C = Inter-level travel time spent in this place.
 D = Time resting spent in this place.
 E = Time spent auto-exploring this place.
 F = Levels seen in this place.
 G = Mean time per level.
                   A        B        C        D        E       F      G
               +--------+--------+--------+--------+--------+-----+--------+
         Total |   6034 |   5550 |    484 |    484 |   4022 |   9 |  670.4 |
       Dungeon |   6021 |   5549 |    472 |    484 |   4022 |   8 |  752.6 |
        Temple |     12 |      1 |     11 |      0 |      0 |   1 |   12.0 |
               +--------+--------+--------+--------+--------+-----+--------+

Top non-repeatable levels by time:
     D:7: 1480 daAuts
     D:5: 1051 daAuts
     D:6: 867 daAuts
     D:3: 778 daAuts
     D:4: 734 daAuts
     D:2: 579 daAuts
     D:1: 520 daAuts
  Temple: 12 daAuts
     D:8: 10 daAuts
